 Dungeon Crawl Stone Soup version 0.26-a0-639-g72c4674329 (webtiles) character file.

Game seed: 15967732761828193572

47 PentaManta the Shield-Bearer (level 3, -7/25 HPs)
             Began as a Halfling Fighter on Sept 20, 2020.
             Killed from afar by a white imp (11 damage)
             ... with a puff of frost
             ... summoned by Natasha
             ... on level 1 of the Dungeon.
             The game lasted 00:03:21 (1830 turns).

PentaManta the Shield-Bearer (Halfling Fighter)     Turns: 1830, Time: 00:03:22

Health: -7/25      AC:  9    Str: 18    XL:     3   Next: 97%
Magic:  3/3        EV:  6    Int:  6    God:
Gold:   63         SH: 10    Dex: 13    Spells: 2/2 levels left

rFire    . . .     SeeInvis .   e - +0 dagger
rCold    . . .     Faith    .   c - +0 kite shield
rNeg     . . .     Spirit   .   h - +0 chain mail
rPois    .         Reflect  .   (no helmet)
rElec    .         Harm     .   (no cloak)
rCorr    .         Rampage  .   (no gloves)
MR       .....                  (no boots)
Stlth    ..........             (no amulet)
HPRegen  0.08/turn              (no ring)
MPRegen  0.08/turn              (no ring)

@: no status effects
A: small, mutation resistance 1
a: no special abilities


You were on level 1 of the Dungeon.
You visited 1 branch of the dungeon, and saw 2 of its levels.

You collected 63 gold pieces.

Inventory:

Hand Weapons
 a - a +0 rapier
 e - a +0 dagger (weapon)
Missiles
 i - 18 poisoned darts (quivered)
Armour
 c - a +0 kite shield (worn)
 h - a +0 chain mail (worn)
Scrolls
 b - a scroll of identify {unknown}
 d - a scroll of noise {unknown}
 j - a scroll of remove curse {unknown}
 k - a scroll of random uselessness {unknown}
 m - a scroll of teleportation {unknown}
Potions
 f - a potion of heal wounds {unknown}
 g - a potion of invisibility {unknown}
 l - 2 potions of curing {unknown}


   Skills:
 - Level 2.6 Fighting
 + Level 3.3 Short Blades
 - Level 3.2 Armour
 * Level 4.5 Shields


You had 2 spell levels left.
You didn't know any spells.
Your spell library was empty.

Dungeon Overview and Level Annotations

Branches:
Dungeon (2/15)

Altars:

Annotations:
D:1 Natasha


Innate Abilities, Weirdness & Mutations

You are small and have problems with some larger weapons.
You are somewhat resistant to further mutation.


Message History

Natasha mumbles some strange words.
You hit Natasha.
Natasha is moderately wounded.
You block Natasha's attack.
You closely miss Natasha.
Natasha is moderately wounded.
The white imp barely misses you. Natasha claws you but does no damage.
You hit Natasha but do no damage.
Natasha is moderately wounded.
The white imp hits you. The white imp freezes you. Natasha claws you.
You hit Natasha.
Natasha is moderately wounded.
The white imp shouts, "Quit, thou vain beetle-headed snack-pap!"
The white imp gestures at you. The puff of frost hits you!
* * * LOW HITPOINT WARNING * * *
Natasha barely misses you. The white imp gestures at you.
The puff of frost hits you!
You die...

#.# ######.#
#########.# #.#
.......##.# #.#
######.##.# #########.#
#.##.# #..†......#
######.##.# #.#########
.......h>.# #.#
#####...#############.#
...............h@5....#
..###...###############
..# ##.## ### #.#
######.# (...)..#
########


You could see Natasha and a white imp (summoned).

Vanquished Creatures
  3 dart slugs
  2 leopard geckos
  5 bats
  A giant cockroach (D:1)
  4 goblins
  6 hobgoblins
  5 jackals (D:1)
  5 kobolds (D:1)
  A ball python (D:1)
  5 rats (D:1)
37 creatures vanquished.

Notes
Turn   | Place    | Note
-------+----------+-------------------------------------------
     0 | D:1      | PentaManta the Halfling Fighter began the quest for the
                  | Orb.
     0 | D:1      | Reached XP level 1. HP: 15/15 MP: 1/1
    52 | D:1      | Reached XP level 2. HP: 14/20 MP: 2/2
   518 | D:1      | Reached skill level 4 in Shields
   910 | D:1      | Reached XP level 3. HP: 25/25 MP: 3/3
  1375 | D:2      | Noticed Natasha
  1830 | D:1      | Killed from afar by a white imp

Illustrated notes

Levels and vault maps discovered:
D:1:      zelgadis_glass_arrival_small, layout_loops_ring, minmay_tetromino_o4
D:2:      layout_rooms, minmay_splitting_lines, uniq_natasha

Skill      XL: |  1  2 |
---------------+-------+-----
Shields        | 4 |  4.5
Short Blades   | 3 |  3.3
Fighting       | |  2.6
Armour         | |  3.2

Action                   || total
-------------------------++-------
Melee: Rapier            ||    20
       Dagger            ||   167
  Use: Potion            ||     1
Armor: Scale mail        ||    16
       Chain mail        ||    59
Dodge: Dodged            ||    60
Block: Kite shield       ||    89

Table legend: (Time is in decaauts)
 A = Elapsed time spent in this place.
 B = Non-inter-level travel time spent in this place.
 C = Inter-level travel time spent in this place.
 D = Time resting spent in this place.
 E = Time spent auto-exploring this place.
 F = Levels seen in this place.
 G = Mean time per level.
                   A        B        C        D        E       F      G
               +--------+--------+--------+--------+--------+-----+--------+
         Total |   1823 |   1814 |      9 |    753 |    688 |   2 |  911.5 |
       Dungeon |   1823 |   1814 |      9 |    753 |    688 |   2 |  911.5 |
               +--------+--------+--------+--------+--------+-----+--------+

Top non-repeatable levels by time:
     D:1: 1392 daAuts
     D:2: 430 daAuts
